Map: King's Cove LE

Players

TIME (Oliveira) - Winner!

  • Race: Terran Terran
  • Spawn Location: 5:00

Probe

  • Race: Protoss Protoss
  • Spawn Location: 11:00

Event: 2019 WCS Winter Americas

VOD

Have the link to the VOD?

Description

Time

  • Played on: Feb. 7, 2019, 2:42 p.m.
  • Length: 14:56

All games in this series

Show
View Real Time Build Order
Export as new Build Order

TIME Terran - Winner!

Build Orders: Gas First Reaper Expand 

Get SALT Encoding   

  12  0:00  SCV  
  13  0:13  SCV  
  14  0:18  Supply Depot  
  14  0:25  SCV  
  15  0:28  Refinery  
  15  0:39  SCV  
  16  0:46  Barracks  
  16  0:52  SCV  
  17  1:04  SCV  
  18  1:17  SCV  
  19  1:33  Reaper, Orbital Command  
  20  1:45  Command Center  
  20  1:58  Factory  
  20  2:00  SCV  
  21  2:08  Barracks Reactor  
  21  2:13  SCV  
  21  2:15  Refinery  
  22  2:17  Supply Depot  
  22  2:25  SCV  
  23  2:39  SCV  
  23  2:43  Hellion, Starport  
  26  2:45  Marine x2  
  28  2:52  SCV  
  28  2:57  Orbital Command  
  29  3:04  SCV  
  29  3:05  Factory Tech Lab  
  30  3:07  Marine  
  30  3:08  Marine  
  32  3:16  SCV  
  33  3:28  SCV  
  33  3:29  SCV, Marine  
  33  3:30  Marine  
  33  3:31  Factory Tech Lab  
  36  3:36  Banshee  
  39  3:41  SCV  
  39  3:42  Supply Depot  
  39  3:44  SCV  
  39  3:47  Marine x2  
  43  3:53  Cyclone  
  46  4:01  Supply Depot  
  46  4:03  SCV x2  
  46  4:06  Liberator  
  48  4:14  Marine x2  
  48  4:15  SCV  
  52  4:17  SCV  
  52  4:18  Supply Depot  
  55  4:28  SCV  
  55  4:29  SCV  
  57  4:34  Marine x2  
  57  4:37  Siege Tank  
  62  4:43  SCV x2  
  64  4:46  Command Center  
  64  4:47  Supply Depot  
  64  4:51  Supply Depot  
  64  4:52  Marine x2  
  66  4:57  SCV  
  67  5:03  SCV  
  68  5:09  SCV, Siege Tank  
  68  5:10  Marine x2  
  74  5:15  SCV  
  74  5:19  Supply Depot  
  74  5:21  SCV, Barracks  
  75  5:23  Barracks  
  75  5:28  SCV  
  78  5:34  SCV  
  78  5:35  Engineering Bay  
  78  5:36  Engineering Bay  
  78  5:38  Refinery  
  78  5:39  Starport Reactor, Refinery  
  78  5:45  Siege Tank  
  78  5:46  Marine  
  82  5:53  Stimpack  
  82  5:56  SCV, Bunker x2  
  78  6:06  SCV  
  78  6:07  SCV  
  78  6:09  Barracks Reactor  
  79  6:11  Marine  
  79  6:13  SCV  
  79  6:18  SCV  
  80  6:25  SCV  
  79  6:26  Siege Tank, Marine x2  
  79  6:27  Orbital Command  
  79  6:29  Marine  
  79  6:30  Terran Infantry Weapons Level 1  
  79  6:31  Terran Infantry Armor Level 1  
  81  6:39  SCV  
  82  6:44  Marine x2  
  82  6:46  SCV, Marine  
  82  6:47  Marine x2  
  85  6:49  Barracks  
  85  6:50  Barracks  
  85  6:52  SCV  
  89  6:58  SCV  
  89  7:00  Siege Tank  
  89  7:01  Orbital Command, Marine  
  93  7:02  Medivac, Marine  
  93  7:04  Marine x2  
  93  7:05  Marine  
  98  7:14  SCV, Medivac  
  100  7:16  SCV  
  100  7:19  Marine x2  
  100  7:22  Orbital Command, Marine x2  
  104  7:25  Marine  
  104  7:32  Siege Tank  
  93  7:37  Marine x2  
  93  7:39  Barracks Reactor x2  
  93  7:41  SCV x2  
  93  7:43  Supply Depot  
  93  7:44  Marine x2  
  97  7:45  Supply Depot  
  97  7:47  SCV  
  100  7:53  SCV x2  
  100  7:54  Marine  
  100  7:55  Armory, Marine, Supply Depot  
  100  7:58  Combat Shield  
  104  7:59  SCV  
  104  8:00  Marine  
  104  8:04  Marine x2  
  109  8:05  SCV  
  109  8:08  Missile Turret, Siege Tank  
  109  8:11  SCV  
  109  8:12  SCV, Supply Depot  
  114  8:14  Marine, Supply Depot  
  114  8:16  Marine  
  114  8:17  SCV  
  114  8:19  Medivac  
  119  8:21  Marine x4  
  119  8:23  SCV  
  119  8:25  Refinery  
  119  8:26  Refinery, Marine x3  
  127  8:28  Medivac  
  127  8:30  SCV  
  127  8:32  Marine  
  130  8:37  SCV x2  
  130  8:39  Supply Depot  
  130  8:40  Supply Depot  
  132  8:42  SCV  
  132  8:48  Marine  
  135  8:49  Siege Tank  
  135  8:50  Command Center  
  135  8:51  Terran Infantry Weapons Level 2  
  135  8:53  Marine x2  
  135  8:54  Terran Infantry Armor Level 2  
  135  8:55  Marine x3  
  141  8:59  Marine x3  
  144  9:06  Marine  
  144  9:07  Missile Turret  
  145  9:11  Marine, Factory, Terran Vehicle Weapons Level 1  
  145  9:12  Marine  
  145  9:13  Missile Turret x2  
  145  9:16  Marine x3  
  150  9:17  Marine  
  150  9:19  Marine  
  152  9:25  Marine  
  152  9:26  Marine  
  152  9:27  Liberator  
  152  9:30  Marine  
  154  9:32  Marine  
  154  9:33  Siege Tank  
  154  9:34  Marine x2  
  154  9:35  Marine  
  154  9:37  Supply Depot  
  154  9:38  Supply Depot  
  159  9:39  Marine  
  159  9:41  Marine  
  159  9:43  Marine  
  159  9:44  Supply Depot  
  163  9:48  Marine x2  
  163  9:51  SCV  
  165  9:53  SCV  
  165  9:55  SCV  
  165  9:56  Marine  
  152  10:03  SCV  
  152  10:04  Marine  
  152  10:05  SCV, Marine  
  152  10:06  Marine  
  122  10:07  Marine  
  122  10:08  Marine  
  122  10:09  Liberator  
  122  10:11  Marine x2  
  122  10:12  Siege Tank, Factory Tech Lab  
  122  10:13  Liberator  
  119  10:15  SCV x2  
  121  10:21  Marine x2  
  121  10:27  Marine  
  127  10:31  SCV x2  
  127  10:33  SCV  
  133  10:37  Marine  
  133  10:40  Marine  
  133  10:42  Sensor Tower, Siege Tank  
  138  10:44  Planetary Fortress  
  138  10:51  Missile Turret  
  138  10:52  Marine x2  
  138  10:53  Marine x4  
  138  10:55  Siege Tank  
  147  11:00  Marine  
  147  11:03  Marine  
  149  11:05  Marine  
  149  11:10  Marine x2  
  149  11:11  Marine x3  
  152  11:13  Medivac, Marine  
  158  11:20  Marine  
  158  11:22  Medivac, Siege Tank, Marine  
  158  11:24  Marine  
  166  11:28  Marine x2  
  166  11:30  Siege Tank  
  166  11:31  Marine x2  
  173  11:34  Marine  
  173  11:36  Marine  
  173  11:38  Marine, Terran Infantry Weapons Level 3  
  176  11:40  Marine  
  176  11:42  Marauder  
  176  11:43  Medivac  
  176  11:45  Marine x2  
  183  11:48  Marine x2  
  183  11:51  Marine  
  183  11:53  Marine  
  183  11:54  Siege Tank  
  190  11:56  Marine  
  190  11:58  Marine  
  191  12:03  Siege Tank, Marine  
  194  12:09  Marine  
  194  12:13  Marine x3  
  194  12:15  SCV x3  
  195  12:16  Marine  
  195  12:17  SCV  
  195  12:19  Marine  
  195  12:20  Liberator x2  
  191  12:23  Marine  
  191  12:26  Siege Tank, Marine  
  191  12:27  SCV x3  
  191  12:29  SCV  
  195  12:30  Marine  
  195  12:31  Marine  
  195  12:33  Marine  
  195  12:34  Marine  
  195  12:35  Siege Tank, Marine  
  162  12:38  Marine  
  162  12:39  SCV x2, Marine  
  162  12:41  Marine  
  162  12:42  Missile Turret  
  172  12:44  Marine  
  172  12:46  SCV  
  172  12:48  Marine  
  174  12:54  SCV  
  174  12:56  Marine  
  174  12:57  SCV x2  
  174  12:58  Siege Tank, Marine  
  157  12:59  Marine  
  157  13:02  Marine  
  157  13:03  Marine  
  157  13:04  Marine  
  157  13:05  Marine  
  153  13:06  SCV  
  153  13:07  Siege Tank  
  153  13:08  SCV  
  153  13:10  Marine  
  153  13:12  Marine  
  149  13:16  SCV, Marine  
  150  13:21  Marine  
  150  13:22  Marine  
  152  13:28  Medivac x2  
  152  13:30  Siege Tank  
  152  13:33  Marine x2  
  147  13:38  Marine  
  147  13:39  Command Center  
  136  13:42  Marine  
  136  13:44  Marine x2  
  136  13:45  Siege Tank, Marine  
  136  13:46  Marine  
  136  13:48  Marine  
  142  13:51  Marine x2  
  144  13:55  Marine  
  144  13:59  Marine  
  144  14:01  Marine  
  144  14:02  Siege Tank, Marine  
  142  14:03  Marine  
  142  14:04  Marine  
  142  14:09  Marine x2  
  142  14:12  Medivac  
  142  14:13  Marine  
  142  14:17  Marine  
  144  14:18  Siege Tank  
  144  14:19  Marine  
  144  14:23  Marine  
  147  14:25  Marine x2  
  147  14:27  Marine  
  147  14:28  Marine  
  147  14:32  SCV  
  147  14:34  Marine  
  147  14:36  SCV  
  147  14:38  Marine  
  148  14:44  SCV  
Show
View Real Time Build Order
Export as new Build Order

Probe Protoss 

Build Orders: 1 Gate Expand, Oracle Opening 

Get SALT Encoding   

  12  0:00  Probe  
  13  0:13  Probe  
  14  0:18  Pylon  
  14  0:24  Probe  
  15  0:32  Probe  
  15  0:37  Gateway  
  15  0:40  Probe  
  16  0:47  Assimilator  
  17  0:51  Probe  
  18  1:03  Probe  
  19  1:15  Probe  
  20  1:26  Nexus  
  20  1:34  Cybernetics Core  
  20  1:37  Probe  
  21  1:44  Assimilator  
  21  1:50  Probe  
  22  1:54  Pylon  
  22  2:01  Probe  
  22  2:02  Adept  
  23  2:10  Probe  
  26  2:18  Probe  
  27  2:23  Stargate  
  27  2:28  Probe  
  27  2:32  Adept  
  27  2:36  Probe  
  30  2:38  Probe  
  30  2:40  Warp Gate  
  32  2:44  Probe  
  32  2:50  Probe  
  33  2:54  Probe  
  33  2:56  Oracle  
  34  3:03  Probe  
  35  3:06  Probe  
  39  3:15  Probe  
  39  3:19  Probe  
  41  3:24  Pylon  
  42  3:27  Probe  
  42  3:31  Probe  
  42  3:33  Gateway  
  42  3:34  Gateway  
  43  3:37  Oracle  
  43  3:40  Probe  
  46  3:43  Probe, Pylon  
  48  3:48  Probe  
  48  3:55  Probe  
  50  3:56  Probe  
  50  4:02  Assimilator x2  
  51  4:07  Probe  
  51  4:08  Probe  
  53  4:14  Phoenix  
  55  4:19  Probe  
  55  4:20  Nexus  
  55  4:22  Pylon  
  56  4:25  Probe  
  57  4:37  Stalker x2  
  61  4:40  Stalker  
  61  4:41  Pylon  
  61  4:43  Probe  
  61  4:44  Probe  
  65  4:49  Shield Battery  
  65  4:52  Shield Battery  
  65  4:55  Probe  
  65  4:56  Probe  
  67  5:04  Stalker x2  
  71  5:07  Stalker  
  71  5:09  Probe  
  71  5:10  Probe  
  75  5:18  Twilight Council  
  75  5:20  Forge  
  75  5:21  Probe  
  75  5:24  Probe  
  77  5:32  Sentry x3  
  77  5:33  Probe x2  
  85  5:36  Probe  
  86  5:45  Probe  
  86  5:47  Gateway  
  86  5:49  Gateway  
  87  5:54  Probe x2  
  87  5:57  Stalker x2  
  89  5:58  Probe  
  89  6:02  Blink  
  90  6:06  Probe  
  90  6:07  Probe  
  92  6:13  Protoss Ground Weapons Level 1  
  89  6:19  Probe  
  89  6:21  Probe  
  89  6:22  Stalker x3  
  91  6:27  Probe  
  91  6:31  Probe, Shield Battery  
  89  6:33  Shield Battery  
  89  6:45  Probe x2  
  91  6:49  Pylon  
  91  6:51  Pylon  
  91  6:52  Pylon x2  
  91  7:02  Gateway  
  91  7:04  Gateway  
  91  7:05  Gateway  
  91  7:07  Pylon  
  89  7:13  Stalker x5  
  89  7:14  Probe  
  96  7:21  Pylon x2  
  84  7:38  Zealot x5  
  84  7:41  Probe x2  
  84  7:42  Protoss Ground Armor Level 1  
  96  7:50  Nexus, Probe  
  97  7:53  Probe, Pylon  
  98  7:59  Stalker, Sentry x2  
  98  8:00  Stalker x3  
  98  8:02  Charge, Pylon  
  98  8:03  Probe x2  
  112  8:10  Forge  
  109  8:14  Assimilator, Templar Archives  
  109  8:15  Assimilator  
  109  8:17  Robotics Facility  
  109  8:24  Protoss Ground Weapons Level 2  
  109  8:25  Zealot x4  
  117  8:34  Zealot  
  117  8:35  Zealot x3, Psionic Storm  
  125  8:54  Zealot x5  
  125  8:55  Zealot  
  137  9:00  Warp Prism  
  137  9:02  High Templar x2  
  141  9:08  Probe x3  
  146  9:15  Zealot x2  
  146  9:17  High Templar  
  152  9:25  High Templar  
  152  9:27  Protoss Ground Armor Level 2  
  152  9:28  Zealot  
  152  9:29  Zealot  
  154  9:41  Zealot x4  
  162  9:51  Zealot x2  
  124  10:07  Zealot x6  
  128  10:15  High Templar x2  
  128  10:20  Robotics Bay  
  132  10:22  Assimilator x2, Pylon  
  132  10:23  Robotics Facility  
  132  10:28  Stalker  
  132  10:29  Stalker x3  
  132  10:31  Observer  
  132  10:34  Zealot x2  
  145  10:40  Photon Cannon  
  145  10:41  Photon Cannon  
  145  10:43  Protoss Ground Weapons Level 3, Shield Battery  
  145  10:45  Pylon  
  145  10:49  Zealot x2  
  149  10:53  Zealot x4  
  149  10:57  Probe x2  
  159  11:06  Dark Shrine  
  159  11:08  Nexus  
  159  11:11  Zealot x2  
  159  11:12  Zealot x2  
  159  11:15  Zealot x4  
  167  11:28  Colossus  
  173  11:35  Protoss Ground Armor Level 3  
  173  11:40  Probe  
  173  11:45  Colossus  
  180  11:52  Phoenix  
  182  11:55  Stalker x2  
  186  12:06  Stalker x4  
  188  12:14  Stalker x2  
  186  12:17  Probe x3  
  186  12:21  Colossus  
  186  12:22  Stalker, Dark Templar  
  186  12:25  Probe  
  155  12:36  Zealot, Dark Templar  
  120  12:37  Zealot x2  
  120  12:38  Probe  
  122  12:46  Sentry x2  
  122  12:48  Probe x2  
  122  12:49  Probe  
  122  12:50  Probe  
  130  12:57  Zealot  
  130  12:58  Zealot  
  108  13:00  Probe x2  
  104  13:11  Zealot x4  
  104  13:12  Sentry  
  96  13:16  Sentry  
  92  13:21  Sentry x2  
  90  13:35  Zealot x3  
  90  13:36  Zealot x2  
  90  13:45  Stalker  
  90  13:46  Stalker  
  91  13:50  Stalker x3  
  95  13:57  Disruptor  
  95  13:59  Stalker x2  
  95  14:00  Disruptor  
  89  14:04  Dark Templar  
  94  14:15  Dark Templar  
  99  14:20  Dark Templar  
  101  14:28  Pylon  
  101  14:30  Dark Templar  
  95  14:42  Zealot  
  95  14:43  Zealot x4  
  95  14:44  Probe x2  
Tags
 
Add a new tag
Caveats
  • Supply blocks, unpowered buildings, or Contaminate may cause inaccurate times.
  • Supply counts are checked every 10 seconds.